 Dungeon Crawl Stone Soup version 0.23-a0-480-g1869896531 (webtiles) character file.

67 LostNumber the Caller (level 3, 0/26 HPs)
             Began as a Mummy Summoner on Nov 29, 2018.
             Slain by an adder (1 damage)
             ... on level 3 of the Dungeon.
             The game lasted 00:03:23 (2760 turns).

LostNumber the Caller (Mummy Summoner)              Turns: 2760, Time: 00:03:24

Health: 0/26       AC:  2    Str: 11    XL:     3   Next: 98%
Magic:  2/7        EV: 12    Int: 15    God:
Gold:   96         SH:  0    Dex: 12    Spells: 5/8 levels left

rFire    x . .     SeeInvis .   g - +0 spear
rCold    + . .     Gourm    .   (no shield)
rNeg     + + +     Faith    .   a - +0 robe
rPois    ∞         Spirit   .   (no helmet)
rElec    .         Reflect  .   (no cloak)
rCorr    .         Harm     .   (no gloves)
MR       .....                  (no boots)
Stlth    ++........             (no amulet)
HPRegen  0.08/turn              (no ring)
MPRegen  0.10/turn              (no ring)

@: no status effects
A: no food or potions, fire vulnerability, cold resistance 1, negative energy
resistance 3, torment resistance, unbreathing
a: no special abilities


You were on level 3 of the Dungeon.
You were not hungry.

You visited 1 branch of the dungeon, and saw 3 of its levels.

You collected 96 gold pieces.

Inventory:

Hand Weapons
 b - a +0 club
 g - a +0 spear (weapon)
Armour
 a - a +0 robe (worn)
Scrolls
 c - a scroll of fear {unknown}
 d - 3 scrolls of enchant weapon {unknown}
 e - 3 scrolls of remove curse {unknown}
 f - 5 scrolls of identify {unknown}
 h - a scroll of amnesia {unknown}
 i - a scroll of enchant armour {unknown}
 j - a scroll of magic mapping {unknown}


   Skills:
 + Level 1.4 Fighting
 + Level 0.5 Polearms
 - Level 1.5 Dodging
 - Level 1.5 Stealth
 + Level 3.4 Spellcasting
 * Level 4.0 Summonings


You had 5 spell levels left.
You knew the following spells:

 Your Spells              Type           Power        Failure   Level  Hunger
a - Summon Small Mammal   Summ           ##..         3%          1    N/A
b - Call Imp              Summ           ##......     5%          2    N/A

Your spell library contained the following spells:

 Spells                   Type           Power        Failure   Level  Hunger
 Call Canine Familiar     Summ           ##......     11%         3    N/A
 Summon Guardian Golem    Hex/Summ       #.......     26%         3    N/A
 Summon Ice Beast         Ice/Summ       #.......     63%         4    N/A
 Summon Lightning Spire   Summ/Air       #.......     63%         4    N/A

Dungeon Overview and Level Annotations

Branches:
Dungeon (3/15)

Altars:
Fedhas
Qazlal


Innate Abilities, Weirdness & Mutations

You do not eat or drink.
Your flesh is vulnerable to fire.
You are immune to poison.
Your flesh is cold resistant. (rC+)
You are immune to negative energy. (rN+++)
You are immune to unholy pain and torment.
You can survive without breathing.


Message History

* * * LOW HITPOINT WARNING * * *
Your crimson imp blinks!
Your crimson imp closely misses the adder.
Your iron imp misses the adder.
The adder bites you but does no damage.
Attack whom?
Press: ? - help, Dir - move target cursor, f/p - adder
Aim: an adder (severely wounded)
You miss the adder.
The adder is severely wounded.
Your crimson imp misses the adder.
The adder misses you.
Your iron imp hits the adder.
Unknown command.
Attack whom?
Press: ? - help, Dir - move target cursor, f/p - adder
Aim: an adder (severely wounded)
You hit the adder.
The adder is almost dead.
Your crimson imp blinks!
The adder bites you.
You die...

.# [# +# .###.##
##§...... ..
.?.......
....#####.....5..
.......<#.)......
+#.......@S5.....
##+######5......
....... .......
....... .......
.###### .#


You could see an adder, a friendly iron imp and 2 friendly crimson imps.

Vanquished Creatures
  A gnoll (D:1)
  2 leopard geckos
  2 giant cockroaches
  6 goblins
  A hobgoblin (D:1)
  A quokka (D:2)
  A ball python (D:1)
  2 bats (D:1)
  3 kobolds (D:1)
  4 rats (D:2)
23 creatures vanquished.

Vanquished Creatures (collateral kills)
  A gnoll (D:1)
  3 adders
  An ooze (D:1)
  A giant cockroach (D:1)
  2 goblins
  A hobgoblin (D:2)
  2 kobolds (D:1)
  2 bats (D:1)
  A rat (D:2)
14 creatures vanquished.

Grand Total: 37 creatures vanquished

Notes
Turn   | Place    | Note
-------+----------+-------------------------------------------
     0 | D:1      | LostNumber the Mummy Summoner began the quest for the Orb.
     0 | D:1      | Reached XP level 1. HP: 13/13 MP: 4/4
   557 | D:1      | Reached XP level 2. HP: 16/20 MP: 2/5
   963 | D:1      | Learned a level 2 spell: Call Imp
   978 | D:1      | Reached skill level 1 in Fighting
  1522 | D:1      | Reached XP level 3. HP: 26/26 MP: 2/7
  2055 | D:2      | Found a stormy altar of Qazlal.
  2490 | D:2      | Found a blossoming altar of Fedhas.
  2754 | D:3      | Reached skill level 4 in Summonings
  2758 | D:3      | HP: 1/26 [adder (2)]
  2760 | D:3      | Slain by an adder

Vault maps used:
D:1:      minmay_arrival_wavy_path
D:2:      fedhas_altar_1, lemuel_doored_altar, first_ration
D:3:      old_standard_altar

Skill      XL: |  1  2  3 |
---------------+----------+-----
Spellcasting   | 3 |  3.4
Fighting       | 1 |  1.4
Summonings     | 4 |  4.0
Polearms       | |  0.5
Dodging        | |  1.5
Stealth        | |  1.5

Action                   || total
-------------------------++-------
Melee: Unarmed           ||    29
       Club              ||    36
       Spear             ||    80
 Cast: Summon Small Mamm ||    16
       Call Imp          ||    14
 Stab: Sleeping          ||     3
       Distracted        ||     1
Armor: Robe              ||    43
Dodge: Dodged            ||   105

Table legend:
 A = Non-vault XP
 B = Vault XP
 C = Vault XP percentage of total XP
 D = Non-vault monster count
 E = Vault monster count
 F = Vault count percentage of total count
                 A         B        C        D         E       F
            +---------+---------+-------+---------+---------+-------
      Total |      96 |       0 |   0.0 |      37 |       0 |   0.0
            +---------+---------+-------+---------+---------+-------
        D:1 |      50 |       0 |   0.0 |      20 |       0 |   0.0
        D:2 |      38 |       0 |   0.0 |      15 |       0 |   0.0
        D:3 |       8 |       0 |   0.0 |       2 |       0 |   0.0
            +---------+---------+-------+---------+---------+-------
